Map: Newkirk Precinct TE (Void)

Players

Snoxtar

  • Race: Zerg Zerg
  • League: Grandmaster
  • Spawn Location: 7:00

Railgan - Winner!

  • Race: Zerg Zerg
  • League: Grandmaster
  • Spawn Location: 5:00

VOD

Have the link to the VOD?

Description

Time

  • Played on: March 23, 2017, 6:49 p.m.
  • Length: 8:50
Show
View Real Time Build Order
Export as new Build Order

Snoxtar Zerg 

Build Orders: Hatch First 

Get SALT Encoding   

  12  0:01  Drone  
  13  0:15  Overlord  
  13  0:19  Drone  
  14  0:33  Drone  
  14  0:34  Drone  
  16  0:38  Drone  
  17  0:56  Drone, Hatchery  
  17  0:59  Drone  
  18  1:10  Extractor  
  17  1:16  Spawning Pool  
  16  1:19  Drone  
  16  1:22  Drone  
  18  1:31  Drone  
  19  1:42  Overlord  
  19  1:53  Drone  
  20  2:03  Queen  
  20  2:04  Drone  
  20  2:07  Queen  
  20  2:08  Drone  
  26  2:11  Metabolic Boost  
  26  2:14  Drone  
  27  2:19  Drone  
  28  2:25  Drone  
  29  2:33  Drone  
  30  2:37  Zergling x2  
  30  2:44  Hatchery  
  30  2:47  Zergling x2  
  31  2:54  Roach Warren  
  31  2:57  Zergling x2  
  31  3:09  Drone x3  
  31  3:10  Overlord  
  34  3:20  Zergling x4  
  34  3:21  Overlord  
  36  3:37  Roach x4  
  36  3:40  Drone  
  44  3:44  Drone  
  44  3:47  Drone x3  
  47  3:50  Drone  
  47  3:52  Drone  
  47  3:53  Drone  
  50  3:56  Queen  
  50  4:01  Overlord  
  52  4:05  Extractor  
  52  4:07  Drone x2  
  53  4:11  Overlord  
  51  4:22  Lair, Drone x2  
  51  4:23  Drone  
  53  4:30  Drone x5  
  58  4:33  Ravager x2  
  58  4:37  Roach  
  64  4:38  Roach  
  64  4:40  Roach  
  66  4:49  Roach  
  68  4:54  Evolution Chamber, Roach x2  
  68  4:55  Extractor  
  68  4:56  Zergling x2  
  68  4:57  Zergling x6  
  74  5:04  Overlord x2  
  74  5:12  Overlord  
  74  5:20  Glial Reconstitution  
  74  5:23  Roach x3  
  74  5:25  Drone, Overlord  
  74  5:26  Overlord  
  74  5:27  Drone  
  82  5:35  Roach x3  
  88  5:37  Overlord  
  86  5:45  Roach x2  
  86  5:46  Roach x2  
  92  5:52  Drone  
  92  5:54  Zergling x2  
  92  5:55  Zergling x6  
  97  5:57  Zerg Missile Weapons Level 1  
  97  6:01  Zergling x4  
  97  6:04  Zergling x2  
  100  6:07  Overlord  
  100  6:09  Roach  
  100  6:10  Roach  
  104  6:17  Drone  
  105  6:19  Extractor  
  105  6:20  Drone x2  
  105  6:22  Drone x2  
  105  6:23  Drone x4  
  114  6:25  Ravager x2  
  114  6:31  Drone  
  114  6:32  Drone x3  
  118  6:35  Ravager  
  118  6:39  Roach  
  121  6:44  Overlord  
  121  6:45  Overlord  
  121  6:47  Overlord  
  121  6:48  Overlord  
  121  6:53  Overlord  
  121  6:58  Overseer  
  121  7:03  Roach x2  
  121  7:04  Roach x2  
  121  7:05  Ravager x2  
  121  7:06  Zergling x8  
  135  7:12  Roach  
  139  7:15  Roach  
  139  7:18  Roach x2  
  139  7:20  Roach  
  140  7:32  Roach x6  
  140  7:33  Zergling x2  
  151  7:41  Ravager  
  149  7:48  Roach x3, Zergling x2  
  149  7:51  Ravager  
  145  7:52  Ravager  
  145  7:53  Zergling x12  
  145  7:54  Overlord, Zergling x2  
  153  8:00  Roach  
  150  8:09  Roach x2  
  150  8:10  Roach x2, Zergling x4  
  141  8:13  Roach  
  141  8:16  Roach  
  141  8:18  Roach  
  115  8:20  Roach x2  
  115  8:21  Roach x2  
  115  8:24  Zergling x4  
  115  8:25  Zergling x2  
Show
View Real Time Build Order
Export as new Build Order

Railgan Zerg - Winner!

Build Orders: Hatch First 

Get SALT Encoding   

  12  0:01  Drone  
  13  0:13  Overlord  
  13  0:18  Drone  
  14  0:31  Drone x2  
  16  0:37  Drone  
  17  0:45  Drone  
  18  0:59  Drone, Hatchery  
  18  1:01  Extractor  
  17  1:07  Drone  
  18  1:20  Drone, Spawning Pool  
  18  1:28  Drone  
  19  1:39  Overlord  
  19  1:53  Drone  
  20  2:00  Drone  
  21  2:08  Queen  
  21  2:11  Queen  
  21  2:13  Zergling x2  
  21  2:14  Drone  
  27  2:23  Drone x2  
  27  2:24  Baneling Nest  
  28  2:33  Drone x2  
  30  2:45  Drone x2  
  30  2:48  Lair  
  32  2:52  Queen  
  32  2:56  Overlord  
  34  3:00  Drone  
  34  3:07  Drone x2  
  34  3:08  Evolution Chamber  
  35  3:15  Roach Warren  
  35  3:17  Drone x3  
  37  3:20  Drone  
  37  3:22  Drone  
  37  3:24  Zergling x2  
  40  3:27  Drone  
  41  3:36  Zerg Missile Weapons Level 1, Drone x2  
  41  3:39  Drone  
  44  3:43  Overlord  
  44  3:47  Overlord  
  44  3:51  Extractor  
  44  3:52  Extractor, Drone, Overlord  
  43  3:57  Glial Reconstitution  
  43  3:59  Baneling  
  43  4:01  Baneling  
  43  4:02  Drone  
  44  4:03  Drone x2  
  44  4:05  Drone  
  44  4:07  Drone  
  44  4:08  Drone  
  46  4:18  Drone x2  
  46  4:23  Roach  
  50  4:24  Roach  
  50  4:25  Overlord  
  50  4:26  Drone  
  53  4:39  Roach  
  53  4:42  Overlord, Hatchery  
  56  4:45  Roach  
  56  4:50  Overlord x2  
  56  4:54  Roach  
  56  4:59  Roach x2  
  62  5:04  Roach  
  62  5:05  Roach  
  62  5:06  Overlord  
  66  5:09  Roach  
  66  5:11  Roach  
  70  5:14  Roach  
  70  5:18  Roach  
  74  5:26  Roach  
  74  5:27  Roach x3  
  82  5:30  Overlord  
  82  5:33  Drone  
  83  5:36  Zerg Missile Weapons Level 2  
  83  5:38  Drone  
  84  5:48  Drone x5  
  87  5:54  Drone  
  88  5:59  Drone  
  88  6:00  Drone x2  
  88  6:01  Drone x2  
  93  6:09  Drone x5  
  98  6:19  Extractor, Roach  
  98  6:20  Roach x2  
  98  6:22  Ravager x3  
  98  6:24  Extractor, Ravager  
  106  6:28  Roach x2  
  106  6:31  Roach x2  
  114  6:33  Overlord x2  
  114  6:41  Overlord  
  114  6:46  Overlord x3  
  114  6:52  Drone x3  
  117  6:56  Roach x2  
  117  6:57  Overlord  
  117  6:58  Overlord  
  117  7:00  Roach x3  
  127  7:08  Roach x3  
  133  7:13  Roach x2  
  137  7:16  Hatchery  
  137  7:18  Roach x4  
  144  7:28  Roach x5  
  146  7:31  Roach  
  146  7:32  Ravager  
  145  7:37  Roach x3  
  145  7:39  Overlord  
  145  7:41  Roach  
  151  7:50  Roach x7  
  153  7:55  Ravager  
  149  8:01  Roach x5  
  157  8:09  Roach x2  
  153  8:16  Roach x7  
  152  8:27  Roach x4  
Tags
 
Add a new tag
Caveats
  • Supply blocks, unpowered buildings, or Contaminate may cause inaccurate times.
  • Supply counts are checked every 10 seconds.